cohdb
Replays
Latest Replays
All Replays
Popular Replays
Top Player Replays
Match Explorer
How It Works
Community
CoH3 Stats
Reddit
Sign in to upload your games and track your stats! →
Sign in with Steam
Match 27758478
Unlisted
Match 27758478
Overview
Messages
Build Orders
End
Pioneer Squad
Pioneer Squad
Construct Infanterie Kompanie
Construct Panzergrenadier Kompanie
Selects Breakthrough Battlegroup
Selects Rapid Production
Selects Assault Grenadiers
Selects Smoke Bombing Run
Construct Panzer Kompanie
Panzer IV Medium Tank
Selects Incendiary Bombing Run
Incendiary Bombing Run
Panzer IV Medium Tank
Side Skirts
Panzer Officer Quarters
Selects Blitzkrieg
Panzer IV Medium Tank
Panzer IV Medium Tank
Blitzkrieg
Incendiary Bombing Run
Panzer IV Medium Tank
qinfuyin
GTx SP1TF1RE
Bitler
fnvkdxod
Rambo
iAinEng
apicton
ℎ ℯ ℛ ℴ™ Isaac.K. Ming
0
0
Comments
sign in to comment!
No comments posted yet!